 Dungeon Crawl Stone Soup version 0.30.0-15-g856e2d3f33 (webtiles) character file.

Game seed: 12094283679782608442

490 javelincjr the Sneak (level 7, 0/45 HPs)
             Began as an Octopode Conjurer on May 19, 2023.
             Slain by Duvessa
             ... wielding a +0 rapier
              (13 damage)
             ... on level 4 of the Dungeon.
             The game lasted 00:21:39 (5877 turns).

javelincjr the Sneak (Octopode Conjurer)            Turns: 5877, Time: 00:21:40

Health: 0/45       AC:  1    Str:  6    XL:     7   Next: 14%
Magic:  0/11       EV: 13    Int: 23    God:
Gold:   168        SH:  0    Dex: 10    Spells: 9/12 levels left

rFire   . . .        o - +2 short sword (vamp)
rCold   . . .        (no shield)
rNeg    . . .        (helmet restricted)
rPois   .            (no amulet)
rElec   .            (no ring)
rCorr   .            (no ring)
SInv    .            (no ring)
Will    .....        (no ring)
Stlth   ++++         (no ring)
HPRegen 0.27/turn    (no ring)
MPRegen 0.12/turn    (no ring)
                     (no ring)

%: no passive effects
@: no status effects
A: almost no armour, amphibious, 8 rings, camouflage 1, gelatinous body 1,
(nimble swimmer 1), tentacles
a: no special abilities


You were on level 4 of the Dungeon.
You visited 1 branch of the dungeon, and saw 4 of its levels.
You also visited: Sewer.

You collected 168 gold pieces.

Inventory:

Hand Weapons
 b - a +0 short sword of protection
 c - a +4 dagger
 o - a +2 vampiric short sword (weapon)
Missiles
 g - 2 boomerangs of dispersal
Scrolls
 f - 2 scrolls of teleportation {unknown}
 h - a scroll of poison {unknown}
 i - a scroll of torment {unknown}
 k - 3 scrolls of identify {unknown}
 m - a scroll of enchant weapon {unknown}
 t - a scroll of fear {unknown}
 u - a scroll of fog {unknown}
 v - a scroll of blinking
 w - a scroll of amnesia {unknown}
 x - a scroll of butterflies {unknown}
Potions
 a - 2 potions of magic
 d - 2 potions of heal wounds {unknown}
 e - a potion of mutation {unknown}
 j - a potion of degeneration {unknown}
 l - a potion of flight {unknown}
 n - a potion of cancellation {unknown}
 p - 2 potions of lignification {unknown}
 q - 2 potions of curing {unknown}
 r - a potion of ambrosia {unknown}
 s - a potion of haste {unknown}


   Skills:
 + Level 2.7 Fighting
 + Level 2.0 Short Blades
 + Level 3.6 Dodging
 + Level 5.1 Stealth
 + Level 3.3 Spellcasting
 + Level 5.0 Conjurations


You had 9 spell levels left.
You knew the following spells:

 Your Spells              Type           Power      Damage    Failure   Level
a - Magic Dart            Conj           100%       1d8       1%          1
b - Searing Ray           Conj           54%        2d6       2%          2

Your spell library contained the following spells:

 Spells                   Type           Power      Damage    Failure   Level
 Dazzling Flash           Conj/Hex       30%        N/A       12%         3
 Ignite Poison            Fire/Tmut/Pois 3%         N/A       34%         3
 Tukima's Dance           Hex            3%         N/A       34%         3
 Fulminant Prism          Conj/Hex       7%         3d7       36%         4
 Iskenderun's Mystic Bla  Conj/Tloc      15%        2d5       36%         4
 Sticky Flame             Conj/Fire      15%        2d4       36%         4
 Passage of Golubria      Tloc           3%         N/A       75%         4
 Yara's Violent Unravell  Hex/Tmut       1%         3d3       97%         5
 Ignition                 Fire           1%         3d3       100%        8


Dungeon Overview and Level Annotations

Branches:
Dungeon (4/15)             Temple (0/1) D:4           Sewer (visited)

Altars:
Hepliaklqana
Makhleb

Annotations:
D:3 2 runed translucent doors, pdpol's ghost, amateur MiFi
D:4 1 transporter, Dowan; Duvessa


Innate Abilities, Weirdness & Mutations

You cannot wear most types of armour.
You are amphibious.
You can wear up to eight rings at the same time.
Your skin changes colour to match your surroundings (Stealth+).
Your rubbery body absorbs attacks. (AC +1, EV +1)
((You are camouflaged when in or above water. (Stealth+)))
You have tentacles for arms and can constrict up to eight enemies at once.


Message History

Aiming: Searing Ray (safe; 2% risk of failure)
Press: ? - help, Shift-Dir - straight line, f/p - Duvessa
Aim: Duvessa, wielding a +0 rapier and wearing a +1 ring mail of fire resistance (lightly wounded, 85% to hit)
The searing ray hits Duvessa.
Duvessa is moderately wounded. (Press . to maintain the ray.)
The searing ray hits Duvessa but does no damage.
Duvessa is moderately wounded.
You hear a shout!
Dowan, Brother of Duvessa comes into view.
He is wielding a +0 dagger.
The searing ray hits Duvessa!
Duvessa is heavily wounded.
Dowan gestures at Duvessa while chanting.
Duvessa seems to speed up.
The searing ray hits Duvessa.
Duvessa is heavily wounded.
You finish channelling your searing ray.
Duvessa hits you with a +0 rapier!
Casting: Searing Ray (safe; 2% risk of failure)
Confirm with . or Enter, or press ? or * to list all spells.
Aiming: Searing Ray (safe; 2% risk of failure)
Press: ? - help, Shift-Dir - straight line, f - Dowan, p - Duvessa
Aim: Dowan, wielding a +0 dagger and wearing a +0 robe (71% to hit)
The searing ray hits Duvessa.
Duvessa is severely wounded.
The searing ray misses Dowan. (Press . to maintain the ray.) Duvessa hits you with a +0 rapier.
Duvessa hits you with a +0 rapier!
The searing ray hits Duvessa.
Duvessa is severely wounded.
The searing ray hits Dowan!
Dowan is moderately wounded.
Duvessa hits you with a +0 rapier.
* * * LOW HITPOINT WARNING * * *
The searing ray hits Duvessa.
Duvessa is severely wounded.
The searing ray hits Dowan.
Dowan is heavily wounded.
Duvessa barely misses you. Duvessa hits you with a +0 rapier!
You die...

#.# #.# ##...#.#
#. #.# ####.#
##......###.
#.###.##.#
#...........
#..(.#.#.#
#.......####
#####.###..#
#.#...#.#
#....## ##.#
#...#.##.#
#.###.###..#####
...©....#.####
##†#.......#
####### #.....
#..######@#
8.©.8# ######
#.## #e# ./.P
#.# #e# #.# #..
#.# #.# ..# #..
#.# #.# #.. ...


You could see Duvessa (fast) and Dowan.

Vanquished Creatures
  2 bullfrogs (Sewer)
  A hound (D:4)
  2 orc wizards (D:3)
  2 iguanas
  A gnoll (D:1)
  2 river rats (D:4)
  5 adders
  2 worms (D:2)
  3 dart slugs
  14 orcs
  17 ball pythons
  10 endoplasms
  10 giant cockroaches
  9 goblins
  5 hobgoblins
  5 jackals
  10 quokkas
  9 bats
  15 frilled lizards
  10 kobolds
  6 rats
140 creatures vanquished.

Notes
Turn   | Place    | Note
-------+----------+-------------------------------------------
     0 | D:1      | javelincjr the Octopode Conjurer began the quest for the
                  | Orb.
     0 | D:1      | Reached XP level 1. HP: 11/11 MP: 3/3
   244 | D:1      | Reached XP level 2. HP: 17/17 MP: 1/5
   692 | D:1      | Reached XP level 3. HP: 22/22 MP: 0/6
   953 | D:1      | Learned a level 2 spell: Searing Ray
  1870 | D:2      | Reached skill level 1 in Fighting
  1870 | D:2      | Reached XP level 4. HP: 28/28 MP: 0/7
  2922 | D:3      | Found a runed translucent door.
  2928 | D:3      | Noticed pdpol's ghost (amateur MiFi)
  3007 | D:3      | Found a runed translucent door.
  3012 | D:3      | Noticed a bullfrog
  3155 | D:3      | Found a hazy altar of Hepliaklqana.
  3273 | D:3      | Reached XP level 5. HP: 33/33 MP: 5/9
  3500 | D:3      | Found a faded altar of an unknown god.
  4145 | D:3      | Reached skill level 1 in Short Blades
  4358 | D:3      | Found a burning altar of Makhleb.
  4596 | D:4      | Found a staircase to the Ecumenical Temple.
  4610 | D:4      | Found a transporter.
  4684 | D:4      | Found a glowing drain.
  4691 | D:4      | Reached XP level 6. HP: 38/39 MP: 3/10
  4745 | Sewer    | Entered a sewer
  5370 | Sewer    | Reached skill level 5 in Stealth
  5630 | D:4      | Reached skill level 5 in Conjurations
  5630 | D:4      | Reached XP level 7. HP: 45/45 MP: 5/11
  5867 | D:4      | Noticed Duvessa
  5872 | D:4      | Noticed Dowan
  5877 | D:4      | Slain by Duvessa

Illustrated notes

Levels and vault maps discovered:
D:1:      dpeg_arrival_pits, layout_basic
D:2:      layout_basic, serial_forest, infiniplex_forest_clump_cross,
          infiniplex_forest_clump_diagonal, infiniplex_forest_clump_medium,
          infiniplex_forest_clump_small, infiniplex_forest_lined_3,
          infiniplex_forest_clump_double, infiniplex_forest_clump_curved,
          nicolae_eternal_life, minmay_pentomino_q4
D:3:      layout_loops_ring, lightli_temple_of_fire,
          mainiacjoe_overflow_alcove_2, hellmonk_ecumenical_altar_run_dry,
          ebering_ghost_sewer_f, wad_orctagon
D:4:      gammafunk_steamed_eel, layout_loops_ring,
          minmay_temple_entry_from_below_a, portal_sewer_entry_b,
          minmay_shop_mass, uniq_duvessa

Skill      XL: |  1  2  3  4  5  6  7 |
---------------+----------------------+-----
Stealth        | 3 4 5 |  5.1
Fighting       | 1 2 |  2.7
Dodging        | 3 |  3.6
Short Blades   | 1 2 |  2.0
Spellcasting   | 3 |  3.3
Conjurations   | 5 |  5.0

Action                     |  1- 3 |  4- 6 |  7- 9 || total
---------------------------+-------+-------+-------++-------
  Melee: Short sword       |     4 |   123 |     5 ||   132
         Punch             |     1 |     2 |       ||     3
         Dagger            |     9 |     2 |       ||    11
         Constrict         |     2 |    13 |     1 ||    16
         Tentacles         |       |    45 |       ||    45
   Cast: Magic Dart        |    52 |   145 |    11 ||   208
         Searing Ray       |     1 |    18 |     2 ||    21
   Stab: Sleeping          |     2 |       |       ||     2
 Armour: Skin              |     2 |     5 |       ||     7
  Dodge: Dodged            |    10 |    31 |     4 ||    45
